 Dungeon Crawl Stone Soup version 0.29-a0-317-gd16b76e6b1 (webtiles) character file.

Game seed: 15467517165350507212

948 Dabor the Vexing (level 8, -8/79 HPs)
             Began as an Ogre Arcane Marksman on Mar 31, 2022.
             Was a Follower of Okawaru.
             Mangled by an orc warrior
             ... wielding a +0 dire flail
              (18 damage)
             ... on level 5 of the Dungeon.
             The game lasted 00:11:33 (6669 turns).

Dabor the Vexing (Ogre Arcane Marksman)             Turns: 6669, Time: 00:11:33

Health: -8/79      AC:  8    Str: 15    XL:     8   Next: 13%
Magic:  14/14      EV: 10    Int: 14    God:    Okawaru [*.....]
Gold:   137        SH:  0    Dex: 11    Spells: 12/16 levels left

rFire   . . .      SeeInvis +   l - +2 giant spiked club
rCold   . . .      Faith    .   (shield currently unavailable)
rNeg    . . .      Spirit   .   w - +5 robe of Night {Dark Will+ SInv}
rPois   .          Reflect  .   (helmet restricted)
rElec   .          Harm     .   n - scarf {repulsion}
rCorr   .          Rampage  .   (gloves unavailable)
Will    ++...                   (boots unavailable)
Stlth   +.........              (no amulet)
HPRegen 0.23/turn               (no ring)
MPRegen 0.14/turn               (no ring)

@: repel missiles
A: large, unfitting armour, tough skin 1, strong-willed 1, wild magic 1
a: Renounce Religion, Heroism


You were on level 5 of the Dungeon.
You worshipped Okawaru.
Okawaru was aware of your devotion.
You visited 2 branches of the dungeon, and saw 6 of its levels.

You collected 137 gold pieces.

Inventory:

Hand Weapons
 a - a +0 hunting sling
 i - a +1 hand axe of electrocution
 l - a +2 giant spiked club (weapon)
 o - a +2 whip of freezing
Missiles
 j - 166 stones (quivered)
 q - 3 poisoned darts
Armour
 b - a +0 robe
 d - a scarf of shadows
 n - a scarf of repulsion (worn)
 s - a +2 robe
 w - the +5 robe of Night (worn) {Dark Will+ SInv}
   (You found it on level 3 of the Dungeon)

   It shrouds the wearer in darkness, reducing the range at which they can see
   and be seen by others.
   SInv:      It lets you see invisible.
   Will:      It increases your willpower.
Wands
 k - a wand of paralysis (8)
Scrolls
 c - a scroll of vulnerability
 f - 2 scrolls of fear
 g - 2 scrolls of teleportation
 r - a scroll of blinking
 v - a scroll of amnesia
Potions
 e - 2 potions of mutation


   Skills:
 + Level 4.4 Fighting
 * Level 0.5 Maces & Flails
 - Level 2.0(2.5) Slings
 * Level 3.3(3.8) Throwing
 + Level 3.3 Dodging
 + Level 0.5 Stealth
 * Level 4.6 Spellcasting
 * Level 4.6 Hexes
 + Level 2.4 Invocations


You had 12 spell levels left.
You knew the following spells:

 Your Spells              Type           Power      Damage    Failure   Level
a - Slow                  Hex            84%        N/A       4%          1
b - Portal Projectile     Hex/Tloc       24%        N/A       30%         3

Your spell library contained the following spells:

 Spells                   Type           Power      Damage    Failure   Level
 Inner Flame              Hex/Fire       12%        N/A       30%         3
 Cause Fear               Hex            10%        N/A       34%         4
 Static Discharge         Conj/Air       4%         N/A       36%         2
 Gell's Gravitas          Tloc           4%         N/A       58%         3
 Teleport Other           Tloc           4%         N/A       58%         3
 Dispel Undead            Necr           4%         3d7       92%         4
 Sticky Flame             Conj/Fire      4%         2d3       92%         4
 Dispersal                Tloc           2%         N/A       100%        6


Dungeon Overview and Level Annotations

Branches:
Dungeon (5/15)             Temple (1/1) D:4

Altars:
Cheibriados
Dithmenos
Elyvilon
Hepliaklqana
Nemelex Xobeh
Okawaru
Ru
Sif Muna
Trog
Uskayaw
Vehumet
Wu Jian
Xom
Zin
The Shining One


Innate Abilities, Weirdness & Mutations

You are too large for most types of armour.
You have tough skin. (AC +1)
You are strong-willed. (Will+)
Your spells are a little harder to cast, but a little more powerful.


Message History

You closely miss the phantom. The phantom hits you.
The phantom hits you but does no damage.
You barely miss the phantom.
The phantom hits you but does no damage.
The phantom hits you.
You closely miss the phantom. The phantom hits you.
An orc warrior comes into view. It is wielding a +0 dire flail.
The phantom closely misses you.
You closely miss the phantom.
The orc warrior shouts!
The phantom hits you.
The phantom hits you but does no damage.
You barely miss the phantom. The phantom hits you.
The phantom blinks!
You blink.
You closely miss the phantom. The phantom closely misses you.
The phantom hits you but does no damage.
You closely miss the phantom. The phantom hits you.
The phantom blinks!
You blink.
The orc warrior throws a stone.
The stone closely misses you.
An orc priest comes into view. It is wielding a +0 rapier.
The orc warrior throws a stone.
The stone hits you! The phantom closely misses you.
The orc priest shouts!
You thump the phantom!
The phantom is heavily damaged.
You hear a shout!
The phantom hits you.
The orc warrior drinks a potion.
The orc warrior goes berserk!
The orc warrior rages.
The phantom barely misses you.
You miss the phantom.
The phantom is heavily damaged.
The orc warrior hits you with a +0 dire flail!!
The phantom misses you.
The orc warrior hits you with a +0 dire flail!
* * * LOW HITPOINT WARNING * * *
You hear a shout!
You are too injured to fight recklessly!
It was a potion of cancellation.
You feel magically purged.
The orc warrior hits you with a +0 dire flail!!
You die...

#####################
...†................#
###################.#
#[# #.# ######## #.#
.......# #####.#
.......## ####..W..#
........# #...(@o..#
.......[# #.##.o...#
........# #.##.<...#
........# #.####.#.#
#######.# #.# #.#...
#.# #.# .# ## #.# #.#
#.# #.#


You could see an orc warrior (berserk), a phantom and an orc priest.

Vanquished Creatures
  The ghost of hemabe71 the Charlatan, an amateur HuAr of Okawaru (D:3)
  A sky beast (D:4)
  A black bear (D:4)
  A centaur (D:4)
  An ogre (D:4)
  A scorpion (D:4)
  3 hounds
  A jelly (D:4)
  Terence (D:1)
  Jessica (D:3)
  3 iguanas
  A gnoll (D:1)
  5 adders
  A white imp (D:5)
  2 worms
  A dart slug (D:3)
  5 orcs
  6 ball pythons
  11 endoplasms
  4 giant cockroaches
  4 goblins
  11 hobgoblins
  4 jackals (D:1)
  10 quokkas
  8 bats
  5 frilled lizards
  4 kobolds
  6 rats
103 creatures vanquished.

Vanquished Creatures (others)
  A plant (D:2)
1 creature vanquished.

Grand Total: 104 creatures vanquished

Notes
Turn   | Place    | Note
-------+----------+-------------------------------------------
     0 | D:1      | Dabor the Ogre Arcane Marksman began the quest for the Orb.
     0 | D:1      | Reached XP level 1. HP: 19/19 MP: 2/2
   422 | D:1      | Reached XP level 2. HP: 28/28 MP: 4/4
   897 | D:1      | Reached XP level 3. HP: 15/35 MP: 5/5
  1674 | D:2      | Noticed Terence
  1741 | D:1      | Killed Terence
  1742 | D:1      | Reached XP level 4. HP: 16/44 MP: 2/7
  2305 | D:2      | Found a faded altar of an unknown god.
  2305 | D:2      | Noticed a floating eye
  2312 | D:2      | Noticed a shining eye
  2312 | D:2      | Noticed an eye of devastation
  2312 | D:2      | Noticed a shining eye
  2319 | D:2      | Prayed at the altar of an unknown god.
  2319 | D:2      | Became a worshipper of Elyvilon the Healer
  2319 | D:2      | Reached * piety under Elyvilon
  3249 | D:3      | Noticed Jessica
  3556 | D:3      | Killed Jessica
  3557 | D:3      | Reached XP level 5. HP: 53/53 MP: 8/8
  3646 | D:3      | Learned a level 3 spell: Portal Projectile
  3672 | D:3      | Reached ** piety under Elyvilon
  3703 | D:3      | Found a runed translucent door.
  3703 | D:3      | Noticed hemabe71's ghost (amateur HuAr)
  3748 | D:3      | Found the +5 robe of Night {Dark Will+ SInv}
  4161 | D:3      | Killed hemabe71's ghost
  4162 | D:3      | Reached skill level 1 in Throwing
  4162 | D:3      | Reached skill level 1 in Invocations
  4162 | D:3      | Reached XP level 6. HP: 40/61 MP: 10/10
  4332 | D:4      | Found a staircase to the Ecumenical Temple.
  4355 | Temple   | Entered the Ecumenical Temple
  4471 | Temple   | Fell from the grace of Elyvilon
  4471 | Temple   | Became a worshipper of Warmaster Okawaru
  4497 | D:4      | Noticed a black bear
  4508 | D:4      | Killed a black bear
  4744 | D:4      | Found a hazy altar of Hepliaklqana.
  4786 | D:4      | Gained mutation: You are strong-willed. (Will+) [potion of
                  | mutation]
  4786 | D:4      | Gained mutation: Your spells are a little harder to cast,
                  | but a little more powerful. [potion of mutation]
  4799 | D:4      | Reached XP level 7. HP: 16/68 MP: 12/12
  5575 | D:4      | Reached * piety under Okawaru
  6047 | D:5      | Entered Level 5 of the Dungeon
  6165 | D:5      | Reached XP level 8. HP: 13/79 MP: 14/14
  6669 | D:5      | Mangled by an orc warrior

Illustrated notes

Levels and vault maps discovered:
D:1:      minmay_arrival_stone_box, layout_loops_ring,
          hangedman_decor_clover_reticule, amcnicky_mini_pool_small
D:2:      layout_basic, hellmonk_ecumenical_altar_watching_god,
          hangedman_glass_garden, uniq_terence
D:3:      layout_rooms, hellmonk_ghost_happy_afterlife, uniq_jessica
D:4:      layout_basic, general_overflow_altar, minmay_temple_entry_nine_rooms,
          minmay_mini_jars
D:5:      layout_basic, nicolae_yredelemnul_corpse_copse, uniq_sigmund
Temple:   nicolae_temple_great_sept

Skill      XL: |  1  2  3  4  5  6  7 |
---------------+----------------------+-----
Dodging        | 2 3 |  3.3
Fighting       | 2 3 4 |  4.4
Hexes          | 3 4 |  4.6
Spellcasting   | 2 3 4 |  4.6
Slings         | 2 |  2.0
Throwing       | 1 2 3 |  3.3
Invocations    | 1 2 |  2.4
Maces & Flails | |  0.5
Stealth        | |  0.5

Action                   |  1- 3 |  4- 6 |  7- 9 || total
-------------------------+-------+-------+-------++-------
Melee: Whip              |       |   156 |   102 ||   258
       Hand axe          |       |    23 |       ||    23
       Punch             |       |     3 |       ||     3
       Giant spiked club |       |       |    34 ||    34
 Fire: Hunting sling     |   167 |    16 |       ||   183
Throw: Stone             |       |    50 |    18 ||    68
       Dart              |       |    11 |    11 ||    22
 Cast: Slow              |    12 |       |       ||    12
       Portal Projectile |       |       |     1 ||     1
Invok: Heroism           |       |       |     1 ||     1
  Use: Potion            |     2 |     4 |     2 ||     8
       Scroll            |       |     7 |     3 ||    10
 Stab: Sleeping          |       |       |     3 ||     3
Armor: Robe              |    41 |    82 |    80 ||   203
       Skin              |    22 |       |       ||    22
Dodge: Dodged            |    90 |   103 |   101 ||   294
       Repelled          |       |       |     1 ||     1

Table legend: (Time is in decaauts)
 A = Elapsed time spent in this place.
 B = Non-inter-level travel time spent in this place.
 C = Inter-level travel time spent in this place.
 D = Time resting spent in this place.
 E = Time spent auto-exploring this place.
 F = Levels seen in this place.
 G = Mean time per level.
                   A        B        C        D        E       F      G
               +--------+--------+--------+--------+--------+-----+--------+
         Total |   6807 |   6553 |    254 |   1147 |   4096 |   6 | 1134.5 |
       Dungeon |   6682 |   6436 |    246 |   1147 |   4017 |   5 | 1336.4 |
        Temple |    124 |    116 |      8 |      0 |     79 |   1 |  124.0 |
               +--------+--------+--------+--------+--------+-----+--------+

Top non-repeatable levels by time:
     D:1: 2148 daAuts
     D:4: 1963 daAuts
     D:2: 1214 daAuts
     D:3: 1008 daAuts
     D:5: 347 daAuts
  Temple: 124 daAuts
